 Dungeon Crawl Stone Soup version 0.31-a0-202-g547052bce9 (webtiles) character file.

Game seed: 3523404951876942145

60 qw the Shooter (level 3, 0/20 HPs)
             Began as a Deep Elf Hunter on June 26, 2023.
             Killed from afar by an orc wizard (5 damage)
             ... with a puff of flame
             ... on level 3 of the Dungeon.
             The game lasted 00:00:34 (1785 turns).

qw the Shooter (Deep Elf Hunter)                    Turns: 1785, Time: 00:00:35

Health: 0/20       AC:  6    Str: 10    XL:     3   Next: 80%
Magic:  5/5        EV:  9    Int: 13    God:
Gold:   90         SH:  0    Dex: 18    Spells: 2/2 levels left

rFire   . . .        Y - +0 shortbow
rCold   . . .        (shield currently unavailable)
rNeg    . . .        e - +0 scale mail
rPois   .            (no helmet)
rElec   .            (no cloak)
rCorr   .            (no gloves)
SInv    .            (no boots)
Will    .....        (no amulet)
Stlth   +            (no ring)
HPRegen 0.23/turn    (no ring)
MPRegen 0.09/turn

%: no passive effects
@: no status effects
A: no striking features
a: no special abilities


You were on level 3 of the Dungeon.
You visited 1 branch of the dungeon, and saw 3 of its levels.

You collected 90 gold pieces.


   Skills:
 - Level 1.5 Fighting
 + Level 7.3 Ranged Weapons
 - Level 2.4 Dodging
 - Level 1.2 Stealth


You had 2 spell levels left.
You didn't know any spells.
Your spell library was empty.

Inventory:

Hand Weapons
 Y - a +0 shortbow (weapon)
Armour
 e - a +0 scale mail (worn)
Scrolls
 b - a scroll of identify
Potions
 j - a potion of mutation {unknown}
 k - a potion of enlightenment

Dungeon Overview and Level Annotations

Branches:
Dungeon (3/15)

Altars:


Message History

Something tries to affect you, but you resist.
The orc barely misses you. The orc hits you but does no damage.
Something hits you but does no damage. The orc hits you but does no damage.
You shoot an arrow.
The arrow hits the orc but does no damage.
The orc is heavily wounded.
The orc hits you with a +0 club. The orc hits you but does no damage.
Something hits you but does no damage.
You shoot an arrow.
The arrow hits the orc but does no damage.
The orc is heavily wounded.
The orc hits you but does no damage. Something hits you but does no damage.
The orc hits you with a +0 flail.
You shoot an arrow. The arrow hits the orc.
You kill the orc!
The orc hits you but does no damage. Something hits you but does no damage.
Something hits you. The orc closely misses you.
You shoot an arrow.
The arrow hits the orc but does no damage.
The orc closely misses you.
You hear some strange, mumbled words.
Something tries to affect you, but you resist.
You shoot an arrow. The arrow hits the orc!
You kill the orc!
Something hits you but does no damage. x2
You shoot an arrow. Something hits you but does no damage.
You shoot an arrow.
You hear some strange, mumbled words.
Something tries to affect you, but you resist.
You shoot an arrow. Something hits you. Something hits you but does no damage.
You shoot an arrow. Something hits you.
You shoot an arrow. Something completely misses you.
You hear some strange, mumbled words.
A puff of flame appears from out of thin air!
The puff of flame hits you.
You die...

#### #.. .
#.#####..
#+#+##........
#.#...))......
#.###.#(..@{...)..
#.....<.%.)...)...
#####.#...........
#.#..#######..
#.#..# # #.#..#
#.#..# #.#..#
#.#..#


There were no monsters in sight!

Vanquished Creatures
  An adder (D:2)
  A worm (D:2)
  2 dart slugs
  4 orcs (D:3)
  A bat (D:2)
  3 endoplasms
  2 giant cockroaches
  4 goblins
  3 hobgoblins
  3 jackals (D:2)
  A quokka (D:1)
  2 ball pythons
  3 frilled lizards (D:1)
  5 kobolds
  3 rats (D:1)
38 creatures vanquished.

Notes
Turn   | Place    | Note
-------+----------+-------------------------------------------
     0 | D:1      | qw the Deep Elf Hunter began the quest for the Orb.
     0 | D:1      | Reached XP level 1. HP: 12/12 MP: 3/3
     0 | D:1      | 0 ||| qw: Version: 0.3-a-22-g0ed2b0b
     0 | D:1      | 0 ||| qw: Game counter: 5900
     0 | D:1      | 0 ||| qw: Melee chars always use a shield: true
     0 | D:1      | 0 ||| qw: God list: Okawaru
     0 | D:1      | 0 ||| qw: Allow faded altars: false
     0 | D:1      | 0 ||| qw: Do Orc after clearing Dungeon:15 true
     0 | D:1      | 0 ||| qw: Do second Lair branch before Depths: true
     0 | D:1      | 0 ||| qw: Lair rune preference: random
     0 | D:1      | 0 ||| qw: Goals: Normal
     0 | D:1      | 0 ||| PLANNING D:1-11
   325 | D:1      | Reached skill level 6 in Ranged Weapons
   325 | D:1      | Reached XP level 2. HP: 16/16 MP: 4/4
   835 | D:1      | 835 ||| READING scroll labelled WEH JOF NYXOPI.
   836 | D:1      | 836 ||| READING scroll labelled TIASIL KIASCHU.
   837 | D:1      | 837 ||| READING scroll labelled LUZEGH VEMIM.
   838 | D:1      | 838 ||| READING scroll labelled HYAFEA TOERUZO.
   842 | D:1      | 842 ||| READING scroll labelled ROTWYG BISETT.
   843 | D:1      | 843 ||| DRINKING 2 black potions.
   844 | D:1      | 844 ||| DROPPING scroll of butterflies.
   846 | D:1      | 846 ||| Stepping ~*~*~tactically~*~*~ (cloud).
   846 | D:1      | HP: 3/16 [poisoned by you (poison gas)]
   847 | D:1      | 847 ||| DRINKING potion of curing.
   847 | D:1      | 847 ||| (to cure poison)
  1076 | D:2      | Reached XP level 3. HP: 20/20 MP: 5/5
  1355 | D:2      | Reached skill level 7 in Ranged Weapons
  1658 | D:2      | 1658 ||| UPGRADING to +0 scale mail.
  1668 | D:2      | 1668 ||| DROPPING +0 leather armour.
  1669 | D:2      | 1669 ||| DROPPING ring of wizardry.
  1670 | D:2      | 1670 ||| DRINKING 2 puce potions.
  1714 | D:2      | 1714 ||| DRINKING 2 fizzy inky potions.
  1715 | D:2      | 1715 ||| DROPPING potion of lignification.
  1755 | D:3      | 1755 ||| PLANNING SEWER
  1778 | D:3      | HP: 5/20 [something (2)]
  1783 | D:3      | HP: 5/20 [something (1)]
  1785 | D:3      | Killed from afar by an orc wizard

Levels and vault maps discovered:
D:1:      minmay_arrival_four_houses, layout_loops_corners, nrook_campfire
D:2:      layout_basic, nicolae_underground_beach
D:3:      layout_basic, nicolae_wu_jian_wuxing_cycle, portal_sewer_entry_b,
          kennysheep_generic_room_9

Skill      XL: |  1  2  3 |
---------------+----------+-----
Ranged Weapons | 6 7 |  7.3
Fighting       | |  1.5
Dodging        | |  2.4
Stealth        | |  1.2

Action                     || total
---------------------------++-------
   Fire: Shortbow          ||   118
    Use: Scroll            ||     5
         Potion            ||     4
 Armour: Leather armour    ||     4
         Scale mail        ||    18
  Dodge: Dodged            ||    15

Table legend:
 A = Non-vault XP
 B = Vault XP
 C = Vault XP percentage of total XP
 D = Non-vault monster count
 E = Vault monster count
 F = Vault count percentage of total count
                 A         B        C        D         E       F
            +---------+---------+-------+---------+---------+-------
      Total |      86 |       0 |   0.0 |      38 |       0 |   0.0
            +---------+---------+-------+---------+---------+-------
        D:1 |      23 |       0 |   0.0 |      14 |       0 |   0.0
        D:2 |      48 |       0 |   0.0 |      18 |       0 |   0.0
        D:3 |      15 |       0 |   0.0 |       6 |       0 |   0.0
            +---------+---------+-------+---------+---------+-------
